 Dungeon Sprint DCSS version 0.30-a0-509-gd016549fea (webtiles) character file.

Game seed: 5431941148062235156

5331 rocky1 the Grappler (level 10, -3/112 HPs)
             Began as a Black Draconian Transmuter on Dec 23, 2022.
             Was the Champion of Cheibriados.
             Slain by Duvessa
             ... wielding a +0 great sword of freezing
              (14 damage)
             ... in the Dungeon (Sprint III: "The Ten Rune Challenge").
             The game lasted 00:06:19 (1680 turns).

rocky1 the Grappler (Black Draconian Transmuter)    Turns: 1680, Time: 00:06:20

Health: -3/112     AC: 10    Str: 29    XL:     10   Next: 38%
Magic:  21/23      EV: 18    Int: 32    God:    Cheibriados [******]
Gold:   21         SH:  0    Dex: 26    Spells: 17/27 levels left

rFire   x . .      SeeInvis .      - Unarmed
rCold   + + +      Faith    .    (shield currently unavailable)
rNeg    . . .      Spirit   .    (body armour unavailable)
rPois   +          Reflect  .    (helmet currently unavailable)
rElec   .          Harm     .    (cloak currently unavailable)
rCorr   .          Rampage  .    (gloves currently unavailable)
Will    .....      NoTele   +    (boots currently unavailable)
Stlth   ++........               (no amulet)
HPRegen 0.38/turn                (no ring)
MPRegen 0.18/turn                (no ring)

@: ice-form, very slow
A: freezing attack, amphibious, boosted hp, (breathe lightning), AC +7, large,
unfitting armour, (electricity resistance), (cold-blooded)
a: End Transformation, Renounce Religion, Bend Time, Temporal Distortion,
Slouch, Step From Time


You were in the Dungeon.
You worshipped Cheibriados.
Cheibriados was exalted by your worship.
You were a creature of crystalline ice.
You visited 1 branch You collected 21 gold pieces.

Inventory:

Wands
 p - a wand of polymorph (11)
 q - a wand of roots (4)
Scrolls
 g - a scroll of blinking
 j - a scroll of immolation {unknown}
 k - 3 scrolls of identify
 m - a scroll of poison {unknown}
Potions
 a - a potion of lignification
 b - 2 potions of curing
 c - a potion of heal wounds
 d - a potion of haste
 e - 2 potions of magic
 f - a potion of berserk rage
 h - a potion of cancellation {unknown}
 i - 3 potions of mutation {unknown}
 l - 3 potions of flight {unknown}
 n - a potion of brilliance {unknown}
Miscellaneous
 o - a lightning rod (4/4)


   Skills:
 + Level 10.7 Fighting
 + Level 9.2 Dodging
 + Level 11.9 Unarmed Combat
 + Level 9.2 Spellcasting
 + Level 10.1 Transmutations
 + Level 8.6 Invocations
 + Level 7.8 Evocations


You had 17 spell levels left.
You knew the following spells:

 Your Spells              Type           Power      Damage    Failure   Level
a - Beastly Appendage     Tmut           100%       N/A       1%          1
b - Wereblood             Tmut           68%        N/A       1%          2
c - Spider Form           Tmut/Pois      47%        N/A       1%          3
d - Ice Form              Ice/Tmut       47%        N/A       4%          4

Your spell library contained the following spells:

 Spells                   Type           Power      Damage    Failure   Level
 Shock                    Conj/Air       56%        1d6       3%          1
 Call Canine Familiar     Summ           14%        N/A       10%         3
 Portal Projectile        Hex/Tloc       28%        N/A       10%         3
 Swiftness                Air            14%        N/A       10%         3
 Airstrike                Air            7%         2d(1-17)  32%         4
 Leda's Liquefaction      Hex/Erth       7%         N/A       32%         4


Dungeon Overview and Level Annotations

Branches:
Dungeon (1/1)

Altars:
Cheibriados
Dithmenos
Elyvilon
Fedhas
Gozag
Hepliaklqana
Kikubaaqudgha
Makhleb
Nemelex Xobeh
Okawaru
Qazlal
Ru
Sif Muna
Trog
Uskayaw
Vehumet
Wu Jian
Xom
Yredelemnul
Zin
The Shining One
Jiyva
Lugonu

Annotations:
D Duvessa


Innate Abilities, Weirdness & Mutations

You are a creature of crystalline ice.
You have a powerful freezing melee attack.
You are amphibious.
Your maximum health is increased.
Your armour is entirely melded.
You are incapable of wielding weapons or throwing items.
((You can breathe wild blasts of lightning.))
((Your glossy black scales are hard. (AC +7)))
You cannot fit into any form of body armour.
((You are resistant to electric shocks. (rElec)))
((You are cold-blooded and may be slowed by cold attacks.))


Message History

Your Spellcasting skill increases to level 9!
Your Transmutations skill increases to level 10!
Unknown command.
You pummel Duvessa!! You freeze Duvessa!
Duvessa is lightly wounded.
Duvessa hits you with a +0 great sword of freezing!
You hit Duvessa. You freeze Duvessa.
Duvessa is moderately wounded.
Duvessa hits you with a +0 great sword of freezing!!
Duvessa freezes you. Duvessa barely misses you.
You pummel Duvessa!! You freeze Duvessa.
Duvessa is moderately wounded.
Duvessa closely misses you.
You hit Duvessa. You freeze Duvessa.
Duvessa is moderately wounded.
Duvessa hits you with a +0 great sword of freezing!!
You punch Duvessa! You freeze Duvessa!
Duvessa is heavily wounded.
Duvessa completely misses you.
You pummel Duvessa like a punching bag!!!
You freeze Duvessa!
Duvessa is severely wounded.
Duvessa hits you with a +0 great sword of freezing!!
* * * LOW HITPOINT WARNING * * *
Duvessa freezes you.
* * * LOW HITPOINT WARNING * * *
You pummel Duvessa!! You freeze Duvessa.
Duvessa is almost dead.
Duvessa closely misses you.
Duvessa hits you with a +0 great sword of freezing!
* * * LOW HITPOINT WARNING * * *
Duvessa freezes you.
* * * LOW HITPOINT WARNING * * *
You hit Duvessa. You freeze Duvessa.
Duvessa is almost dead.
Duvessa misses you.
You pummel Duvessa!! You freeze Duvessa.
Duvessa is almost dead.
Duvessa hits you with a +0 great sword of freezing!
You die...

+###########################
....#.#.#)....#...^^.'...~≈#
#.#..#.##.###)#...^..#...~≈#
##.#.#.##.#..##.....^#...~≈≈≈#
.).#..#..##..'^.^..^.#...~~~~#
▓▓▓▓▓▓▓▓▓▓▓▓▓#....^..#.......#
#......^#.......#
+.......#.......#
#^)Y....######### ##e######
#... #...# #...# #####


You could see Duvessa (berserk).

Vanquished Creatures
  Dowan (D)
  Erolcha (D)
  A deep elf pyromancer (D)
  A queen bee (D)
  A shadow (D)
  2 redbacks (D)
  A spatial vortex (D)
  5 two-headed ogres (D)
  A necrophage (D)
  A water elemental (D)
  32 killer bees (D)
  A jelly (D)
  Jessica (D)
  A wizard (D)
  A necromancer (D)
  3 humans (D)
  A kobold demonologist (D)
  A phantom (D)
  2 endoplasms (D)
58 creatures vanquished.

Vanquished Creatures (others)
  2 plants (D)
2 creatures vanquished.

Grand Total: 60 creatures vanquished

Notes
Turn   | Place    | Note
-------+----------+-------------------------------------------
     0 | D        | rocky1 the Draconian Transmuter began the quest for the
                  | Orb.
     0 | D        | Reached XP level 1. HP: 16/16 MP: 3/3
    27 | D        | Noticed Jessica
    42 | D        | Killed Jessica
    43 | D        | Reached skill level 4 in Unarmed Combat
    43 | D        | Reached XP level 2. HP: 8/25 MP: 3/5
    43 | D        | Reached XP level 3. HP: 10/30 MP: 4/7
   145 | D        | Reached skill level 5 in Unarmed Combat
   291 | D        | Learned a level 2 spell: Wereblood
   295 | D        | Learned a level 3 spell: Spider Form
   327 | D        | Noticed a water elemental
   334 | D        | Killed a water elemental
   335 | D        | Reached skill level 6 in Unarmed Combat
   335 | D        | Reached XP level 4. HP: 29/40 MP: 4/9
   482 | D        | Learned a level 4 spell: Ice Form
   561 | D        | Noticed a shadow
   568 | D        | Killed a shadow
   569 | D        | Reached skill level 5 in Fighting
   569 | D        | Reached skill level 7 in Unarmed Combat
   569 | D        | Reached skill level 5 in Transmutations
   569 | D        | Reached XP level 5. HP: 42/48 MP: 7/12
   569 | D        | Reached XP level 6. HP: 50/56 MP: 7/13
   570 | D        | Reached skill level 5 in Dodging
   570 | D        | Reached skill level 8 in Unarmed Combat
   570 | D        | Reached skill level 5 in Spellcasting
   578 | D        | Found a blossoming altar of Fedhas.
   578 | D        | Found a stormy altar of Qazlal.
   578 | D        | Found a snail-covered altar of Cheibriados.
   578 | D        | Found a burning altar of Makhleb.
   578 | D        | Found a shimmering altar of Xom.
   579 | D        | Found a hazy altar of Hepliaklqana.
   579 | D        | Found an opulent altar of Gozag.
   579 | D        | Found a sparkling altar of Nemelex Xobeh.
   579 | D        | Found a corrupted altar of Lugonu.
   579 | D        | Found a viscous altar of Jiyva.
   579 | D        | Noticed a spatial vortex
   585 | D        | Became a worshipper of Cheibriados the Contemplative
   592 | D        | Killed a spatial vortex
   760 | D        | Found a basalt altar of Yredelemnul.
   760 | D        | Found a shadowy altar of Dithmenos.
   760 | D        | Found a sacrificial altar of Ru.
   767 | D        | Reached skill level 9 in Unarmed Combat
   767 | D        | Reached skill level 1 in Invocations
   767 | D        | Reached skill level 1 in Evocations
   768 | D        | Reached * piety under Cheibriados
   793 | D        | Found a radiant altar of Vehumet.
   793 | D        | Found a shimmering blue altar of Sif Muna.
   793 | D        | Found an ancient bone altar of Kikubaaqudgha.
   796 | D        | Your scales start taking on a glossy black colour.
   796 | D        | Reached XP level 7. HP: 60/64 MP: 15/15
   796 | D        | Gained mutation: You are resistant to electric shocks.
                  | (rElec) [Black Draconian growth]
   800 | D        | Reached ** piety under Cheibriados
   856 | D        | Found a glowing silver altar of Zin.
   856 | D        | Found a glowing golden altar of the Shining One.
   856 | D        | Found a white marble altar of Elyvilon.
   857 | D        | Noticed a deep elf pyromancer
   858 | D        | Killed a deep elf pyromancer
   899 | D        | Found a hide-covered altar of Uskayaw.
   899 | D        | Found an iron altar of Okawaru.
   899 | D        | Found a bloodstained altar of Trog.
   899 | D        | Found an ornate altar of the Wu Jian Council.
   899 | D        | Noticed a human
   899 | D        | Noticed a human
   909 | D        | Killed a human
   909 | D        | Reached *** piety under Cheibriados
   910 | D        | Reached XP level 8. HP: 73/73 MP: 8/18
   916 | D        | Reached skill level 10 in Unarmed Combat
  1089 | D        | Reached **** piety under Cheibriados
  1098 | D        | Noticed a two-headed ogre
  1103 | D        | Killed a two-headed ogre
  1104 | D        | Reached skill level 5 in Invocations
  1104 | D        | Reached skill level 5 in Evocations
  1109 | D        | Noticed Erolcha
  1109 | D        | Noticed a two-headed ogre
  1111 | D        | Killed Erolcha
  1111 | D        | Reached ***** piety under Cheibriados
  1112 | D        | Reached XP level 9. HP: 68/83 MP: 16/20
  1115 | D        | Killed a two-headed ogre
  1279 | D        | Reached skill level 11 in Unarmed Combat
  1282 | D        | Noticed a queen bee
  1284 | D        | Reached ****** piety under Cheibriados
  1287 | D        | Killed a queen bee
  1288 | D        | Reached skill level 10 in Fighting
  1288 | D        | Reached XP level 10. HP: 93/93 MP: 22/22
  1663 | D        | Noticed Dowan
  1663 | D        | Noticed Duvessa
  1671 | D        | Killed Dowan
  1672 | D        | Reached skill level 10 in Transmutations
  1680 | D        | Slain by Duvessa

Illustrated notes

Levels and vault maps discovered:
D:        dungeon_sprint_mu [sprint_mu_entry_cave, sprint_mu_temple_rooms,
          sprint_mu_d1_spiders, sprint_mu_d2_genie, sprint_mu_d3_branching,
          sprint_mu_orc_legion, sprint_mu_elf_gauntlet, sprint_mu_hive_nellie,
          sprint_mu_lair_fedhas, sprint_mu_vaults_butterflies,
          sprint_mu_slime_circle, sprint_mu_swamp_cave, sprint_mu_shoals_archi,
          sprint_mu_blade_basic, sprint_mu_crypt_fortress,
          sprint_mu_tomb_spiral, sprint_mu_vestibule_basic,
          sprint_mu_gehenna_hellfire, sprint_mu_dis_giant,
          sprint_mu_tartarus_statrot, sprint_mu_cocytus_islands, sprint_mu_zot1]

Skill      XL: |  1  2  3  4  5  6  7  8  9 10 |
---------------+-------------------------------+-----
Dodging        | 2 3 4 5 6 7 8 9 |  9.2
Fighting       | 2 4 5 6 7 9 10 | 10.7
Unarmed Combat | 4 6 7 9 10 11 | 11.9
Transmutations | 3 4 5 6 7 8 9 10 | 10.1
Spellcasting   | 3 4 5 6 7 8 9 |  9.2
Invocations    | 1 4 6 7 8 |  8.6
Evocations     | 1 3 5 7 |  7.8

Action                   |  1- 3 |  4- 6 |  7- 9 | 10-12 || total
-------------------------+-------+-------+-------+-------++-------
Melee: Unarmed           |    31 |    18 |    36 |    29 ||   114
       Tailslap          |     3 |       |     2 |       ||     5
       Kick              |     4 |       |       |       ||     4
       Headbutt          |     2 |       |       |       ||     2
       Punch             |     1 |       |       |       ||     1
 Cast: Spider Form       |     2 |       |       |       ||     2
       Beastly Appendage |     1 |       |       |       ||     1
       Ice Form          |       |     2 |     4 |     1 ||     7
 Abil: Breathe Lightning |       |       |     2 |       ||     2
Evoke: Lightning rod     |       |       |     5 |       ||     5
 Stab: Sleeping          |     1 |     1 |     1 |       ||     3
Armor: Skin              |     3 |     3 |     6 |     8 ||    20
Dodge: Dodged            |    14 |     4 |    32 |    47 ||    97

Table legend: (Time is in decaauts)
 A = Elapsed time spent in this place.
 B = Non-inter-level travel time spent in this place.
 C = Inter-level travel time spent in this place.
 D = Time resting spent in this place.
 E = Time spent auto-exploring this place.
 F = Levels seen in this place.
 G = Mean time per level.
                   A        B        C        D        E       F      G
               +--------+--------+--------+--------+--------+-----+--------+
         Total |   1751 |   1751 |      0 |   1256 |      0 |   1 | 1751.0 |
       Dungeon |   1751 |   1751 |      0 |   1256 |      0 |   1 | 1751.0 |
               +--------+--------+--------+--------+--------+-----+--------+

Top non-repeatable levels by time:
       D: 1751 daAuts
